[Event "BL 2016-17"]
[Site "Germany"]
[Date "2017.02.18"]
[Round "7"]
[White "Baldauf, Marco"]
[Black "Spitzl, Vinzent"]
[Result "1-0"]
[ECO "A13"]
[WhiteElo "2439"]
[BlackElo "2210"]
[Annotator "ChessBase"]
[PlyCount "91"]
[EventDate "2017.??.??"]
[EventType "team-tourn"]
[EventCountry "GER"]
[SourceTitle "playchess.com"]
[Source "ChessBase"]
[SourceQuality "1"]
[WhiteTeam "SF Berlin"]
[BlackTeam "Griesheim"]
[TimeControl "40/6000+30:3000+30"]

1. c4 e6 2. g3 d5 3. Bg2 Nf6 4. Nf3 Be7 5. d4 O-O 6. Qc2 c5 7. O-O cxd4 8. Nxd4 Nc6 9. Nxc6 bxc6 10. Rd1 Ba6 11. b3 Qb6 12. Be3 Bc5 13. Bxc5 Qxc5 14. Nd2 Ng4 15. e3 dxc4 16. bxc4 Rab8 17. Qa4 Qf5 18. Ne4 Rb6 19. h3 Nf6 20. g4 Qe5 21. c5 Bb5 22. Qd4 Qxd4 23. Rxd4 Rbb8 24. a4 Nxe4 25. Bxe4 Be2 26. Ra2 Ba6 27. Rd7 Bc4 28. Rad2 Bd5 29. Bxd5 cxd5 30. Rxa7 Rfc8 31. Rc2 Rc6 32. Kf1 g5 33. Ke2 Kg7 34. Ra5 Rb4 35. Kd3 h5 36. Kc3 Rc4+ 37. Kb2 Re4 38. gxh5 Kh6 39. Kb3 d4 40. exd4 Rxd4 41. Rb5 Kxh5 42. Rb6 Rc8 43. c6 Rd1 44. a5 Kh4 45. Rc3 Rb1+ 46. Ka4 1-0

[Event "BL 2016-17"]
[Site "Germany"]
[Date "2017.02.18"]
[Round "7"]
[White "Carlstedt, Jonathan"]
[Black "Belezky, Alexander"]
[Result "1/2-1/2"]
[ECO "E33"]
[WhiteElo "2424"]
[BlackElo "2397"]
[Annotator "ChessBase"]
[PlyCount "139"]
[EventDate "2017.??.??"]
[EventType "team-tourn"]
[EventCountry "GER"]
[SourceTitle "playchess.com"]
[Source "ChessBase"]
[SourceQuality "1"]
[WhiteTeam "Hamburger SK"]
[BlackTeam "Bayern München"]
[TimeControl "40/6000+30:3000+30"]

1. d4 Nf6 2. c4 e6 3. Nc3 Bb4 4. Qc2 Nc6 5. Nf3 d6 6. Bd2 O-O 7. O-O-O Qe7 8. e3 a5 9. a3 Bxc3 10. Bxc3 e5 11. d5 Nb8 12. Ng5 Bg4 13. f3 Bh5 14. Bd3 Nxd5 15. Bxh7+ Kh8 16. Rxd5 Qxg5 17. f4 Qh6 18. Bf5 Nc6 19. Rb5 exf4 20. exf4 Qxf4+ 21. Qd2 Qxd2+ 22. Kxd2 Bg6 23. Bxg6 fxg6 24. Rxb7 Rf2+ 25. Ke3 Rf7 26. Re1 a4 27. Kd3 Rd8 28. Rb5 Rf2 29. Re2 Rf1 30. Rg5 Kh7 31. Re6 Ne5+ 32. Ke2 Rb1 33. c5 Rd7 34. Re8 Nf7 35. Rg3 dxc5 36. Rge3 Rc1 37. R8e7 Rc2+ 38. Kf3 Rd1 39. Kg3 Nd6 40. Kg4 Nf5 41. Rh3+ Kg8 42. Re8+ Kf7 43. Rhh8 Nh6+ 44. Kh4 Nf5+ 45. Kh3 Rd3+ 46. g3 Ne7 47. Rhf8+ Ke6 48. Bxg7 Re3 49. Rd8 Nf5 50. Rfe8+ Kf7 51. Rxe3 Nxe3 52. Rd7+ Ke6 53. Rxc7 g5 54. Bc3 g4+ 55. Kh4 Rxh2+ 56. Kg5 Rg2 57. Rxc5 Rxg3 58. Kf4 Rf3+ 59. Ke4 Nd1 60. Bd4 Nf2+ 61. Bxf2 Rxf2 62. Rg5 Rxb2 63. Rxg4 Rb3 64. Kd4 Rxa3 65. Kc4 Ra1 66. Rg6+ Ke5 67. Ra6 a3 68. Kb3 Kd4 69. Rxa3 Rxa3+ 70. Kxa3 1/2-1/2

[Event "BL 2016-17"]
[Site "Germany"]
[Date "2017.02.18"]
[Round "7"]
[White "Zwirs, Nico"]
[Black "Womacka, Mathias"]
[Result "0-1"]
[ECO "A46"]
[WhiteElo "2402"]
[BlackElo "2427"]
[Annotator "RC"]
[PlyCount "110"]
[EventDate "2017.??.??"]
[EventType "team-tourn"]
[EventCountry "GER"]
[SourceTitle "playchess.com"]
[Source "ChessBase"]
[SourceQuality "1"]
[WhiteTeam "Mülheim Nord"]
[BlackTeam "Schwäbisch Hall"]
[TimeControl "40/6000+30:3000+30"]

1. d4 Nf6 2. Nf3 e6 3. e3 c5 4. c4 d5 5. Nc3 Nc6 6. a3 Ne4 7. Bd3 Nxc3 8. bxc3 Be7 9. O-O O-O 10. e4 dxe4 11. Bxe4 Na5 12. Bc2 Bf6 13. Qe2 cxd4 14. cxd4 Bd7 15. Bf4 Rc8 16. c5 Bc6 17. Rad1 Qd5 18. Rfe1 b6 19. Qd2 Rfd8 20. Be5 Be7 21. Qf4 f6 22. Qh4 h6 23. Bf4 Qd7 24. Qg3 Bxf3 25. Bxh6 Bxc5 26. gxf3 Bd6 27. Qg6 Rxc2 28. Qxc2 gxh6 29. Kh1 f5 30. Re2 Bf4 31. d5 e5 32. Qd3 Nb7 33. Ree1 Nc5 34. Qc2 Kh7 35. Rg1 Rg8 36. Rxg8 Kxg8 37. a4 Qf7 38. d6 Qh5 39. Rg1+ Kf7 40. Qc4+ Kf6 41. Rg2 Qf7 42. Qb5 Qd7 43. Qc4 Qxd6 44. Qg8 Qd1+ 45. Rg1 Qxf3+ 46. Rg2 Qd1+ 47. Rg1 Qf3+ 48. Rg2 Ne4 49. Qd8+ Ke6 50. Kg1 Bg5 51. Qc8+ Kd6 52. Qb8+ Kd5 53. Qb7+ Kc5 54. Qc7+ Kb4 55. Qc2 Qb3 0-1

[Event "BL 2016-17"]
[Site "St. Veit/Glan"]
[Date "2017.03.25"]
[Round "7"]
[White "Koop, Thorben"]
[Black "Vlcek, Stanislav"]
[Result "1-0"]
[ECO "A49"]
[WhiteElo "2400"]
[BlackElo "2275"]
[Annotator "NA"]
[PlyCount "87"]
[EventDate "2017.??.??"]
[EventType "team-tourn"]
[EventCountry "AUT"]
[SourceTitle "playchess.com"]
[Source "ChessBase"]
[SourceQuality "1"]
[WhiteTeam "St. Veit"]
[BlackTeam "Nickelsdorf"]
[TimeControl "40/5400+30:1800+30"]

1. d4 Nf6 2. Nf3 g6 3. g3 Bg7 4. Bg2 O-O 5. O-O c6 6. c4 d6 7. Nc3 Nbd7 8. Bf4 Nh5 9. Be3 e5 10. dxe5 Nxe5 11. Nxe5 dxe5 12. Bc5 Re8 13. Qb3 $11 Nf6 14. Rfd1 Qa5 15. Bd6 Bf8 16. c5 Kg7 17. a3 Bxd6 18. cxd6 Qb6 19. Qc2 Bf5 20. e4 Bg4 21. Rd2 Nd7 22. Na4 Qd8 23. b4 Rb8 24. Qc3 Qf6 25. Rc1 Nf8 26. h3 Bd7 27. Nc5 Red8 28. f4 Re8 29. Rf1 exf4 30. Qxf6+ Kxf6 31. Rxf4+ Kg7 32. Rdf2 f5 33. g4 g5 34. Nxd7 gxf4 35. Nxb8 fxe4 36. Rxf4 Rxb8 37. Rxe4 Rd8 38. Re7+ Kf6 39. Rxb7 Rxd6 40. Rxa7 Rd1+ 41. Kf2 Rd2+ 42. Kf1 Rd1+ 43. Ke2 Rc1 44. Kd2 1-0

[Event "BL 2016-17"]
[Site "Germany"]
[Date "2017.02.18"]
[Round "7"]
[White "Zeller, Frank"]
[Black "Buckels, Valentin"]
[Result "0-1"]
[ECO "C84"]
[WhiteElo "2393"]
[BlackElo "2300"]
[Annotator "RC"]
[PlyCount "76"]
[EventDate "2017.??.??"]
[EventType "team-tourn"]
[EventCountry "GER"]
[SourceTitle "playchess.com"]
[Source "ChessBase"]
[SourceQuality "1"]
[WhiteTeam "Schwäbisch Hall"]
[BlackTeam "Mülheim Nord"]
[TimeControl "40/6000+30:3000+30"]

1. e4 e5 2. Nf3 Nc6 3. Bb5 a6 4. Ba4 Nf6 5. O-O Be7 6. d3 b5 7. Bb3 d6 8. c3 O-O 9. Nbd2 Na5 10. Bc2 c5 11. d4 cxd4 12. cxd4 Nc6 13. d5 Nb4 14. Bb1 a5 15. a3 Na6 16. b4 Bg4 17. Qb3 Qd7 18. Bd3 axb4 19. axb4 Nc5 20. bxc5 Rxa1 21. c6 Qa7 22. Bxb5 Rb8 23. Qd3 Ra5 24. Bc4 Ra4 25. Bb3 Rab4 26. Bc2 Bc8 27. Qe2 Bd8 28. Nc4 Qa2 29. Nxd6 Ba6 30. Qd1 Bxf1 31. Kxf1 Bc7 32. Nb7 Nxe4 33. d6 Nxd6 34. Nxd6 Bxd6 35. Ng5 g6 36. Ne4 Be7 37. Kg1 Rd4 38. Qe2 Qc4 0-1

[Event "BL 2016-17"]
[Site "St. Veit/Glan"]
[Date "2017.03.25"]
[Round "7"]
[White "Mesaros, Florian"]
[Black "Lehner, Oliver"]
[Result "0-1"]
[ECO "E94"]
[WhiteElo "2382"]
[BlackElo "2386"]
[Annotator "NA"]
[PlyCount "100"]
[EventDate "2017.??.??"]
[EventType "team-tourn"]
[EventCountry "AUT"]
[SourceTitle "playchess.com"]
[Source "ChessBase"]
[SourceQuality "1"]
[WhiteTeam "Wulkaprodersdorf"]
[BlackTeam "Jenbach"]
[TimeControl "40/5400+30:1800+30"]

1. Nf3 Nf6 2. c4 g6 3. Nc3 Bg7 4. e4 d6 5. d4 O-O 6. Be2 e5 7. O-O Na6 8. Be3 c6 9. d5 Ng4 10. Bg5 f6 11. Bh4 c5 12. Nd2 h5 13. a3 Nh6 $16 14. f3 Nf7 15. Rb1 Bh6 16. Bf2 Bd7 17. b4 b6 18. Rb2 Bg5 19. Qc2 h4 20. b5 Nc7 21. a4 Ne8 22. Ra1 f5 23. exf5 gxf5 24. a5 Rb8 25. axb6 axb6 26. Bd3 Nh6 27. Rba2 Rf7 28. Ra7 Rg7 29. Bf1 Nf6 30. R1a6 e4 31. Nd1 Qe8 32. fxe4 fxe4 33. Ne3 Qe5 34. Ra8 Rxa8 35. Rxa8+ Kf7 36. Be2 Bxe3 37. Bxe3 h3 38. Nf1 Rxg2+ 39. Kh1 Nhg4 40. Bg1 Rxg1+ 41. Kxg1 Qd4+ 42. Kh1 Qf2 43. Bd3 Qf3+ 44. Kg1 exd3 45. Qb2 Bf5 46. Ra7+ Kg6 47. Ng3 Qe3+ 48. Kf1 Be4 49. Rg7+ Kh6 50. Nxe4 Kxg7 0-1

[Event "BL 2016-17"]
[Site "St. Veit/Glan"]
[Date "2017.03.25"]
[Round "7"]
[White "Handler, Lukas"]
[Black "Anistratov, Dmitriy"]
[Result "1-0"]
[ECO "A10"]
[WhiteElo "2377"]
[BlackElo "2292"]
[Annotator "NA"]
[PlyCount "93"]
[EventDate "2017.??.??"]
[EventType "team-tourn"]
[EventCountry "AUT"]
[SourceTitle "playchess.com"]
[Source "ChessBase"]
[SourceQuality "1"]
[WhiteTeam "Maria Saal"]
[BlackTeam "Götzis"]
[TimeControl "40/5400+30:1800+30"]

1. c4 d6 2. g3 Nf6 3. Bg2 c6 4. Nc3 e5 5. d4 Be7 6. e4 O-O 7. Nge2 a6 8. O-O Nbd7 9. f4 Re8 10. Kh1 Bf8 11. Qc2 b6 12. d5 cxd5 13. cxd5 b5 14. f5 Qc7 15. Qd1 Nb6 16. Bg5 Be7 17. Rc1 Qb7 18. Qd3 Bd7 19. b3 b4 20. Nd1 Bb5 21. Qd2 Rec8 22. Nf2 a5 23. Bf3 Nbd7 24. Be3 Rxc1 25. Rxc1 Rc8 26. g4 Rxc1+ 27. Qxc1 Ne8 28. g5 Bd8 29. Kg2 Bb6 30. Bxb6 Nxb6 31. Ng3 Nd7 32. h4 Nc5 33. f6 a4 34. bxa4 Bxa4 35. Nf5 Bd7 36. Nxd6 Nxd6 37. Qxc5 Qb8 38. fxg7 Kxg7 39. Nd3 Nb5 40. Qe7 Qc7 41. Qxe5+ Qxe5 42. Nxe5 Bc8 43. Nd3 f6 44. Kg3 fxg5 45. hxg5 Kg6 46. Kf4 Nd4 47. Bd1 1-0

[Event "BL 2016-17"]
[Site "St. Veit/Glan"]
[Date "2017.03.25"]
[Round "7"]
[White "Kvetny, Mark"]
[Black "Kreisl, Robert"]
[Result "1/2-1/2"]
[ECO "D90"]
[WhiteElo "2372"]
[BlackElo "2426"]
[Annotator "NA"]
[PlyCount "60"]
[EventDate "2017.??.??"]
[EventType "team-tourn"]
[EventCountry "AUT"]
[SourceTitle "playchess.com"]
[Source "ChessBase"]
[SourceQuality "1"]
[WhiteTeam "Götzis"]
[BlackTeam "Maria Saal"]
[TimeControl "40/5400+30:1800+30"]

1. d4 Nf6 2. c4 g6 3. Nc3 d5 4. Nf3 Bg7 5. h4 c6 6. cxd5 cxd5 7. Bf4 Nc6 8. e3 O-O 9. Qb3 Na5 10. Qa3 Bf5 11. Be2 Ne4 12. Rc1 Rc8 13. O-O Nxc3 14. Rxc3 Rxc3 15. Qxc3 Nc6 16. b4 a6 17. a4 Qc8 18. Qd2 Qa8 19. Rc1 Rc8 20. b5 axb5 21. axb5 Nd8 22. Bc7 Ne6 23. b6 Nxc7 24. bxc7 Qa3 25. Bb5 Qd6 26. Qa5 Bf8 27. Rc3 f6 28. Ne1 e5 29. Nd3 Kg7 30. g3 Be7 1/2-1/2

[Event "BL 2016-17"]
[Site "Germany"]
[Date "2017.02.18"]
[Round "7"]
[White "Baskin, Robert"]
[Black "Lauber, Arnd"]
[Result "0-1"]
[ECO "C05"]
[WhiteElo "2357"]
[BlackElo "2424"]
[Annotator "RC"]
[PlyCount "70"]
[EventDate "2017.??.??"]
[EventType "team-tourn"]
[EventCountry "GER"]
[SourceTitle "playchess.com"]
[Source "ChessBase"]
[SourceQuality "1"]
[WhiteTeam "Griesheim"]
[BlackTeam "SF Berlin"]
[TimeControl "40/6000+30:3000+30"]

1. e4 e6 2. d4 d5 3. Nd2 Nf6 4. e5 Nfd7 5. Bd3 c5 6. c3 Nc6 7. Ne2 Be7 8. O-O a5 9. f4 cxd4 10. cxd4 Nb6 11. Nf3 a4 12. g4 Nc4 13. Rb1 Nb4 14. b3 axb3 15. axb3 Na5 16. Ba3 Nac6 17. Bxb4 Nxb4 18. f5 O-O 19. Nf4 Bg5 20. Nh5 Nxd3 21. Qxd3 exf5 22. gxf5 g6 23. Ng3 Bf4 24. e6 Bxg3 25. hxg3 gxf5 26. exf7+ Rxf7 27. Rbe1 Rg7 28. Qb5 Bd7 29. Qxd5+ Kh8 30. Ne5 Rxg3+ 31. Kf2 Qh4 32. Nf7+ Kg7 33. Qe5+ Kxf7 34. Qd5+ Kg6 35. Qd6+ Kh5 0-1

[Event "BL 2016-17"]
[Site "St. Veit/Glan"]
[Date "2017.03.25"]
[Round "7"]
[White "Repkova, Eva"]
[Black "Deglmann, Ludwig"]
[Result "0-1"]
[ECO "C00"]
[WhiteElo "2328"]
[BlackElo "2300"]
[Annotator "NA"]
[PlyCount "94"]
[EventDate "2017.??.??"]
[EventType "team-tourn"]
[EventCountry "AUT"]
[SourceTitle "playchess.com"]
[Source "ChessBase"]
[SourceQuality "1"]
[WhiteTeam "Bregenz"]
[BlackTeam "Absam"]
[TimeControl "40/5400+30:1800+30"]

1. e4 e6 2. b3 d5 3. Bb2 dxe4 4. Nc3 Nf6 5. Qe2 Be7 6. O-O-O a5 7. a4 O-O 8. Nxe4 b6 9. Qf3 Nxe4 10. Qxe4 Qd5 11. Qg4 e5 12. Qh5 Nc6 13. d4 Qe4 14. Bd3 Qf4+ 15. Kb1 g6 16. Qe2 Nxd4 17. Bxd4 Qxd4 18. Be4 Qb4 19. Bxa8 Bf5 20. Bd5 c6 21. g4 Bxg4 22. Bf3 Bf5 23. Qc4 Qa3 24. Ne2 b5 25. Qc3 bxa4 26. b4 axb4 27. Qxa3 bxa3 28. Nc3 Rb8+ 29. Ka1 Bxc2 30. Rd7 Bc5 31. Rc1 Bf5 32. Rc7 Bd4 33. Bxc6 Be6 34. Be4 Rb2 35. Rc2 Rb3 36. f3 Kg7 37. h4 h5 38. Rc1 Rb2 39. Bb1 Rh2 40. Rc6 Bb3 41. Bd3 Rxh4 42. Kb1 Rh2 43. Bc2 h4 44. Na2 h3 45. Nb4 Rg2 46. f4 h2 47. fxe5 Bg1 0-1

[Event "BL 2016-17"]
[Site "St. Veit/Glan"]
[Date "2017.03.25"]
[Round "7"]
[White "Hebesberger, Thomas"]
[Black "Kuntner, Reinhard"]
[Result "1/2-1/2"]
[ECO "A04"]
[WhiteElo "2299"]
[BlackElo "2021"]
[Annotator "NA"]
[PlyCount "81"]
[EventDate "2017.??.??"]
[EventType "team-tourn"]
[EventCountry "AUT"]
[SourceTitle "playchess.com"]
[Source "ChessBase"]
[SourceQuality "1"]
[WhiteTeam "St. Veit"]
[BlackTeam "Nickelsdorf"]
[TimeControl "40/5400+30:1800+30"]

1. Nf3 c5 2. e3 e6 3. b3 Nf6 4. Bb2 Be7 5. c4 O-O 6. g3 Nc6 7. Bg2 d5 8. O-O d4 9. exd4 cxd4 10. Re1 Ne8 11. Ne5 Nxe5 12. Rxe5 f6 13. Re1 Nc7 14. d3 Rb8 15. Ba3 Bxa3 16. Nxa3 Qd6 17. Qc1 b6 18. Nc2 Na6 19. Qb2 e5 20. b4 Bf5 21. Red1 Nc7 22. Rac1 Bg6 23. a3 Kh8 24. Ne1 Ne6 25. Nf3 h6 26. Qe2 Bh7 27. Re1 Rbe8 28. Nd2 Qc7 29. Nb3 Qb8 30. Bh3 Ng5 31. Bg2 Ne6 32. Be4 Bxe4 33. Qxe4 Ng5 34. Qg2 f5 35. h4 Nh7 36. c5 f4 37. c6 Qc8 38. Nd2 Rf6 39. c7 Rf7 40. Qc6 Ref8 41. Ne4 1/2-1/2

[Event "BL 2016-17"]
[Site "St. Veit/Glan"]
[Date "2017.03.25"]
[Round "7"]
[White "Gerhold, Michael"]
[Black "Herbrechtsmeier, Christof"]
[Result "1/2-1/2"]
[ECO "A05"]
[WhiteElo "2221"]
[BlackElo "2228"]
[Annotator "NA"]
[PlyCount "103"]
[EventDate "2017.??.??"]
[EventType "team-tourn"]
[EventCountry "AUT"]
[SourceTitle "playchess.com"]
[Source "ChessBase"]
[SourceQuality "1"]
[WhiteTeam "Absam"]
[BlackTeam "Bregenz"]
[TimeControl "40/5400+30:1800+30"]

1. Nf3 Nf6 2. c4 g6 3. Nc3 d5 4. cxd5 Nxd5 5. Qa4+ Nc6 6. Ne5 Qd6 7. Nxc6 Qxc6 8. Qxc6+ bxc6 9. g3 Be6 10. Bg2 O-O-O 11. a3 Nxc3 12. dxc3 Bd5 13. O-O e5 14. Bg5 Rd6 15. Rfd1 h6 16. Be3 Kb7 17. Bc5 Rd8 18. Bxa7 Be7 19. Be3 Bb3 20. Rxd8 Rxd8 21. h4 g5 22. hxg5 Bxg5 23. f4 exf4 24. gxf4 Bf6 25. Bf3 Rg8+ 26. Kh2 Re8 27. Bd4 Bxd4 28. cxd4 f5 29. Kg3 Bd5 30. Kf2 Kb6 31. Rh1 Re6 32. Rg1 Kb5 33. Rg7 Kc4 34. Bxd5+ cxd5 35. Rxc7+ Kxd4 36. Rc3 Rb6 37. Rc2 Ke4 38. e3 d4 39. exd4 Kxf4 40. b4 Ra6 41. Rc3 Ke4 42. b5 Ra8 43. Rb3 Kxd4 44. b6 Kc5 45. a4 Kc6 46. a5 Kb7 47. Rb5 Rf8 48. Kg3 h5 49. Rb4 Rf7 50. Ra4 Ka6 51. Rb4 Kb7 52. Ra4 1/2-1/2

[Event "BL 2016-17"]
[Site "St. Veit/Glan"]
[Date "2017.03.25"]
[Round "7"]
[White "Burschowsky, Matthias"]
[Black "Schneider-Zinner, Harald"]
[Result "0-1"]
[ECO "A13"]
[WhiteElo "2192"]
[BlackElo "2382"]
[Annotator "NA"]
[PlyCount "108"]
[EventDate "2017.??.??"]
[EventType "team-tourn"]
[EventCountry "AUT"]
[SourceTitle "playchess.com"]
[Source "ChessBase"]
[SourceQuality "1"]
[WhiteTeam "Hohenems"]
[BlackTeam "Wien-SK Ottakring"]
[TimeControl "40/5400+30:1800+30"]

1. c4 e6 2. Nc3 d5 3. e3 Nf6 4. Nf3 c6 5. b3 Nbd7 6. Qc2 b6 7. cxd5 exd5 8. Be2 $11 Bb7 9. Bb2 Bd6 10. Rc1 O-O 11. O-O Re8 12. Qb1 Qe7 13. Qa1 Rad8 14. a3 Bb8 15. b4 Qd6 16. g3 a6 17. Rc2 c5 18. bxc5 bxc5 19. d4 c4 20. a4 Ng4 21. Nh4 Ndf6 22. Ba3 Qe6 23. Rb2 Bc6 24. Ng2 g5 25. Qd1 h5 26. Rb6 Bc7 27. Rxa6 Ra8 28. Rxa8 Rxa8 29. Bc5 Ba5 30. Nb5 Ne4 31. f3 Nxe3 32. Nxe3 Nxc5 33. Nxc4 dxc4 34. dxc5 Rd8 35. Qc1 Rd2 36. Rf2 Qe3 37. Qxc4 Bd5 38. Qc1 Rxe2 39. Qxe3 Rxe3 40. Rc2 Rxf3 41. Nd4 Rc3 42. Rb2 Rxc5 43. Nf5 Kh7 44. h4 Be4 45. Nd6 Rc1+ 46. Kf2 Rc2+ 47. Rxc2 Bxc2 48. Nxf7 g4 49. Ng5+ Kg6 50. Ne6 Bb6+ 51. Kg2 Bxa4 52. Nf4+ Kh6 53. Nd5 Bc6 54. Kh2 Bg1+ 0-1

[Event "BL 2016-17"]
[Site "St. Veit/Glan"]
[Date "2017.03.25"]
[Round "7"]
[White "Bachofner, Andreas"]
[Black "Hoelzl, Franz"]
[Result "0-1"]
[ECO "B20"]
[WhiteElo "2154"]
[BlackElo "2318"]
[Annotator "NA"]
[PlyCount "80"]
[EventDate "2017.??.??"]
[EventType "team-tourn"]
[EventCountry "AUT"]
[SourceTitle "playchess.com"]
[Source "ChessBase"]
[SourceQuality "1"]
[WhiteTeam "Nickelsdorf"]
[BlackTeam "St. Veit"]
[TimeControl "40/5400+30:1800+30"]

1. e4 c5 2. c4 g6 3. Nc3 Bg7 4. g3 Nc6 5. Bg2 e6 6. Nge2 h5 7. h3 Nge7 8. d3 a6 9. O-O Nd4 10. Bg5 d6 11. Rb1 Rb8 12. b4 cxb4 13. Nxd4 Bxd4 14. Ne2 Bg7 15. Qa4+ b5 16. Qxb4 a5 17. Qd2 b4 18. Qf4 e5 19. Qh4 Rf8 20. Nc3 f6 21. Be3 Rh8 22. Nd5 Nxd5 23. exd5 Bf5 24. f4 Bxd3 25. Rbe1 f5 26. Qxd8+ Kxd8 27. Rf2 Re8 28. Bf1 exf4 29. Rxf4 Bxf1 30. Kxf1 Bh6 31. Rf3 Bxe3 32. Rfxe3 Rxe3 33. Rxe3 a4 34. Re1 Kc7 35. Rc1 Kb6 36. Ke2 Kc5 37. Kd3 b3 38. Rb1 Rb4 39. axb3 Rxb3+ 40. Rxb3 axb3 {[%emt 0:00:25] Kd4+} 0-1

[Event "BL 2016-17"]
[Site "Germany"]
[Date "2017.02.18"]
[Round "7"]
[White "Nothnagel, Marian Can"]
[Black "Thiede, Lars"]
[Result "1/2-1/2"]
[ECO "C66"]
[WhiteElo "2107"]
[BlackElo "2422"]
[Annotator "RC"]
[PlyCount "83"]
[EventDate "2017.??.??"]
[EventType "team-tourn"]
[EventCountry "GER"]
[SourceTitle "playchess.com"]
[Source "ChessBase"]
[SourceQuality "1"]
[WhiteTeam "Griesheim"]
[BlackTeam "SF Berlin"]
[TimeControl "40/6000+30:3000+30"]

1. e4 d6 2. d4 Nf6 3. Nc3 e5 4. Nf3 Nc6 5. Bb5 Bd7 6. O-O Be7 7. Re1 exd4 8. Nxd4 Nxd4 9. Qxd4 O-O 10. Bg5 Bxb5 11. Nxb5 h6 12. Bh4 a6 13. Nc3 Ne8 14. Bxe7 Qxe7 15. Nd5 Qd8 16. Rad1 Nf6 17. Nxf6+ Qxf6 18. Qxf6 gxf6 19. Rd5 Rfe8 20. f3 Re5 21. Kf2 Rae8 22. g4 Kg7 23. c4 b5 24. Rc1 bxc4 25. Rxc4 Rxd5 26. exd5 Rb8 27. b3 Rb5 28. Rxc7 Rxd5 29. Ke3 a5 30. Ra7 f5 31. h3 fxg4 32. hxg4 Kf6 33. Ke4 Re5+ 34. Kd4 h5 35. gxh5 Rxh5 36. Ra6 Ke6 37. Ke4 Rb5 38. Ra7 Rb4+ 39. Ke3 Rb5 40. Ke4 Re5+ 41. Kf4 Rb5 42. Ke4 {Ke5+} 1/2-1/2

[Event "BL 2016-17"]
[Site "Germany"]
[Date "2017.02.18"]
[Round "7.5"]
[White "Goloshchapov, Alexander"]
[Black "Naiditsch, Arkadij"]
[Result "1/2-1/2"]
[ECO "E68"]
[WhiteElo "2585"]
[BlackElo "2702"]
[Annotator "RC RC RC RC"]
[PlyCount "89"]
[EventDate "2017.??.??"]
[EventType "team-tourn"]
[EventCountry "GER"]
[SourceTitle "playchess.com"]
[Source "ChessBase"]
[SourceQuality "1"]
[WhiteTeam "SG Trier"]
[BlackTeam "Baden-Baden"]
[TimeControl "40/6000+30:3000+30"]

1. d4 Nf6 2. c4 g6 3. Nf3 Bg7 4. g3 O-O 5. Bg2 d6 6. Nc3 Nbd7 7. O-O e5 8. e4 Re8 9. h3 exd4 10. Nxd4 Nc5 11. Re1 Bd7 12. Bf4 h6 13. g4 Nh7 14. Be3 Ne6 15. Qd2 Nxd4 16. Bxd4 Bxd4 17. Qxd4 Qf6 18. Qxf6 Nxf6 19. c5 dxc5 20. e5 Nh7 21. Rad1 Bc6 22. Bxc6 bxc6 23. Ne4 Rab8 24. b3 Rb5 25. f4 Rb4 26. Rd7 c4 27. bxc4 Rxc4 28. Re2 g5 29. Rxc7 gxf4 30. Nd6 f3 31. Nxc4 fxe2 32. Kf2 Ng5 33. Kxe2 Nxh3 34. Rxa7 Rb8 35. Ke3 Ng5 36. Rc7 Ra8 37. a3 Ra6 38. Kd3 Ne6 39. Rc8+ Kg7 40. Kc3 c5 41. Kb3 Nd4+ 42. Kc3 Ne6 43. Kb3 Nd4+ 44. Kc3 Ne6 45. Kb3 1/2-1/2

[Event "BL 2016-17"]
[Site "Germany"]
[Date "2017.02.18"]
[Round "7.5"]
[White "Braun, Christian"]
[Black "Commercon, Simon"]
[Result "1-0"]
[ECO "C55"]
[WhiteElo "2354"]
[BlackElo "2290"]
[Annotator "ChessBase"]
[PlyCount "175"]
[EventDate "2017.??.??"]
[EventType "team-tourn"]
[EventCountry "GER"]
[SourceTitle "playchess.com"]
[Source "ChessBase"]
[SourceQuality "1"]
[WhiteTeam "Aufwärts Aachen"]
[BlackTeam "Speyer-Schwegenheim"]
[TimeControl "40/6000+30:3000+30"]

1. e4 e5 2. Nf3 Nc6 3. Bc4 Nf6 4. d3 Be7 5. O-O O-O 6. Nc3 d6 7. a3 Nd7 8. Ba2 Nc5 9. Nd5 Bg4 10. c3 Ne6 11. Ne3 Bh5 12. Nf5 Bf6 13. Ng3 Bg6 14. Be3 Ng5 15. Nxg5 Bxg5 16. Qg4 Bf6 17. Nh5 Bxh5 18. Qxh5 Ne7 19. f4 g6 20. Qh3 d5 21. fxe5 Bxe5 22. d4 Bg7 23. Bg5 dxe4 24. Rxf7 Rxf7 25. Qe6 Qe8 26. Bxe7 Bf8 27. Rf1 Qxe7 28. Qd5 Rd8 29. Qxb7 Qg5 30. Bxf7+ Kh8 31. Qxe4 Bd6 32. c4 c5 33. Bd5 cxd4 34. Qxd4+ Be5 35. Qf2 Qh6 36. g3 Qg7 37. Qf7 Bxb2 38. Qxg7+ Kxg7 39. Rf7+ Kh6 40. Kg2 Bxa3 41. Rxa7 Bc5 42. Rc7 Bd6 43. Rf7 Rb8 44. Bb7 Re8 45. Rd7 Bb4 46. Bd5 Re7 47. Rd8 Kg5 48. Kf3 h5 49. h4+ Kf6 50. Be4 g5 51. hxg5+ Kxg5 52. c5 Kf6 53. c6 Ba5 54. Rd5 Re5 55. Rd6+ Re6 56. Rd3 Re5 57. Bd5 Bc7 58. Kg2 Rg5 59. Kh3 Bxg3 60. Rf3+ Ke7 61. Rf7+ Ke8 62. Rd7 Bf4 63. Bf7+ Kf8 64. Be6 Rg7 65. Rd5 Ke7 66. Bf5 Kf6 67. Bd7 Rg5 68. Rd3 Rc5 69. Kh4 Ke5 70. Rd1 Ke4 71. Bh3 Kf3 72. Rf1+ Ke3 73. Bg2 Bc7 74. Rf7 Bd8+ 75. Kh3 Ba5 76. Rd7 Kf4 77. Rd3 Ke5 78. Kh4 Kf6 79. Rd1 Ke6 80. Bf3 Kf6 81. Rd6+ Ke7 82. Rd7+ Kf6 83. Rh7 Be1+ 84. Kh3 Rc3 85. Kg2 h4 86. c7 Bg3 87. Bc6 h3+ 88. Rxh3 1-0